 Dungeon Crawl Stone Soup version 0.26.1-2-gb8aa6d0cf2 (webtiles) character file.

Game seed: 11658247916834091908

1936 Groucho the Skirmisher (level 8, 0/66 HPs)
             Began as a Minotaur Fighter on Feb 24, 2021.
             Was an Initiate of Hepliaklqana.
             Slain by an orc warrior
             ... wielding a +0 trident
              (8 damage)
             ... on level 7 of the Dungeon.
             The game lasted 00:10:17 (7479 turns).

Groucho the Skirmisher (Minotaur Fighter)           Turns: 7479, Time: 00:10:18

Health: 0/66       AC: 10    Str: 22    XL:     8   Next: 97%
Magic:  7/7        EV:  8    Int:  5    God:    Hepliaklqana [......]
Gold:   318        SH: 11    Dex: 11    Spells: 7/7 levels left

rFire    . . .     SeeInvis .   a - +0 war axe
rCold    . . .     Faith    .   c - +0 kite shield
rNeg     . . .     Spirit   .   b - +0 scale mail
rPois    +         Reflect  .   (helmet restricted)
rElec    .         Harm     .   (no cloak)
rCorr    .         Rampage  .   (no gloves)
Will     .....                  A - +1 pair of boots
Stlth    ..........             (no amulet)
HPRegen  0.21/turn              j - ring of poison resistance
MPRegen  0.10/turn              (no ring)

@: attractive, slowed, very slow
A: retaliatory headbutt, reduced essence, horns 2
a: Renounce Religion, Recall Ancestor, Ancestor Identity


You were on level 7 of the Dungeon.
You worshipped Hepliaklqana.
Hepliaklqana was noncommittal.
You visited 2 branches of the dungeon, and saw 8 of its levels.

You collected 318 gold pieces.

Inventory:

Hand Weapons
 a - a +0 war axe (weapon)
Missiles
 t - 21 poisoned darts (quivered)
Armour
 b - a +0 scale mail (worn)
 c - a +0 kite shield (worn)
 A - a +1 pair of boots (worn)
Jewellery
 f - a +6 ring of intelligence {unknown}
 i - a cursed ring of see invisible {unknown}
 j - a ring of poison resistance (left hand)
 y - a +6 ring of intelligence {unknown}
 C - an uncursed ring of protection from fire {unknown}
Wands
 v - a wand of polymorph (6)
 D - a wand of digging (4)
Scrolls
 e - 6 scrolls of identify {unknown}
 h - 2 scrolls of magic mapping {unknown}
 l - 3 scrolls of remove curse {unknown}
 m - 4 scrolls of teleportation {unknown}
 n - 3 scrolls of enchant armour {unknown}
 o - 3 scrolls of fog {unknown}
 r - 3 scrolls of amnesia {unknown}
 s - 2 scrolls of fear {unknown}
Potions
 d - a potion of might
 k - a potion of magic {unknown}
 p - 3 potions of lignification
 q - a potion of curing {unknown}
 u - a potion of haste
 w - a potion of attraction
 x - a potion of flight {unknown}
 z - a potion of heal wounds {unknown}
 B - 2 potions of cancellation {unknown}


   Skills:
 + Level 7.9 Fighting
 + Level 7.4 Axes
 + Level 7.9 Armour
 + Level 7.8 Shields


You had 7 spell levels left.
You didn't know any spells.
Your spell library contained the following spells:

 Spells                   Type           Power        Failure   Level
 Magic Dart               Conj           0%           97%         1
 Searing Ray              Conj           0%           99%         2
 Confusing Touch          Hex            0%           100%        3
 Dazzling Flash           Conj/Hex       0%           100%        3
 Gell's Gravitas          Tloc           0%           100%        3
 Fulminant Prism          Conj/Hex       0%           100%        4
 Iskenderun's Mystic Bla  Conj/Tloc      0%           100%        4
 Petrify                  Tmut/Erth      0%           100%        4
 Metabolic Englaciation   Hex/Ice        0%           100%        5
 Yara's Violent Unravell  Hex/Tmut       0%           100%        5


Dungeon Overview and Level Annotations

Branches:
Dungeon (7/15)             Temple (1/1) D:7

Altars:
Ashenzari
Cheibriados
Dithmenos
Elyvilon
Fedhas
Gozag
Hepliaklqana
Nemelex Xobeh
Okawaru
Qazlal
Ru
Sif Muna
Uskayaw
Wu Jian
Xom
Yredelemnul
Zin
The Shining One

Annotations:
D:6 1 transporter, Descartes's ghost, novice DEWz
D:7 2 transporters, 1 runed translucent door, Paulthewizard's ghost, novice DECj


Innate Abilities, Weirdness & Mutations

You reflexively headbutt those who attack you in melee.
You have a pair of horns on your head.
Your life essence is reduced to manifest your ancestor. (-10% HP)


Message History

Unknown command.
You slash the orc warrior! Your headbutt misses the orc warrior.
The orc warrior is almost dead.
You hit the orc but do no damage. You barely miss the orc wizard.
You block the orc wizard's attack. The orc closely misses you.
The orc wizard points at you and mumbles some strange words.
You feel yourself slow down. You block the orc warrior's attack.
Kendra hits the orc warrior but does no damage.
Unknown command.
Unknown command.
Unknown command.
You completely miss the orc warrior.
You headbutt the orc warrior, but do no damage.
The orc warrior is almost dead.
You hit the orc wizard but do no damage.
You closely miss the orc. You block the orc wizard's attack.
The orc hits you but does no damage.
The orc wizard hits you but does no damage.
The orc warrior hits you with a +0 trident!
You die...

####.#...........
####....#.#.........
#.......#'#.........
#...................
#................... #
#...................
#.#...# #.............
#....o#####'####......
#.)..@oR).....##......
##...§o...)...........
#.......(............
#.......)..##........
##.........##........
#.........##........
#.........##........
#..........##........
#..........##........


You could see the friendly Kendra the ancestor, an orc warrior, an orc wizard
(fast) and an orc.

Vanquished Creatures
  2 orc warriors (D:7)
  A sky beast (D:5)
  A necrophage (D:7)
  4 centaurs
  A big kobold (D:6)
  A bullfrog (D:6)
  A water moccasin zombie (D:6)
  A scorpion (D:5)
  3 howler monkeys
  A centaur zombie (D:5)
  2 centaur skeletons
  A hound (D:6)
  A quasit (D:5)
  An orc priest (D:6)
  2 bullfrog skeletons
  3 jellies
  3 orc wizards (D:7)
  2 iguanas
  6 worker ants
  10 adders
  3 shadow imps
  A white imp (D:4)
  An ufetubus (D:5)
  2 oozes
  An adder zombie (D:7)
  3 worms
  4 dart slugs
  8 leopard geckos
  13 orcs
  11 bats
  7 giant cockroaches
  9 hobgoblins
  4 jackals (D:4)
  4 quokkas
  3 ball pythons
  11 frilled lizards
  6 goblins
  2 goblin skeletons (D:5)
  A goblin zombie (D:5)
  4 hobgoblin zombies (D:5)
  A jackal skeleton (D:5)
  11 kobolds
  3 kobold zombies (D:5)
  A leopard gecko skeleton (D:5)
  An orc skeleton (D:5)
  An orc zombie (D:5)
  4 rats
167 creatures vanquished.

Vanquished Creatures (others)
  7 plants (D:6)
7 creatures vanquished.

Grand Total: 174 creatures vanquished

Notes
Turn   | Place    | Note
-------+----------+-------------------------------------------
     0 | D:1      | Groucho the Minotaur Fighter began the quest for the Orb.
     0 | D:1      | Reached XP level 1. HP: 19/19 MP: 0/0
   170 | D:1      | Reached XP level 2. HP: 22/27 MP: 1/1
   803 | D:2      | Reached XP level 3. HP: 33/33 MP: 2/2
   822 | D:2      | Found a shadowy altar of Dithmenos.
  1531 | D:2      | Reached XP level 4. HP: 41/41 MP: 3/3
  1900 | D:3      | Found a sparkling altar of Nemelex Xobeh.
  2385 | D:3      | Reached XP level 5. HP: 47/47 MP: 4/4
  2651 | D:4      | Reached skill level 5 in Fighting
  2655 | D:4      | Found a broken altar of Ashenzari.
  2729 | D:4      | Reached skill level 5 in Armour
  2735 | D:4      | Reached skill level 5 in Shields
  2735 | D:4      | Reached XP level 6. HP: 24/56 MP: 5/5
  3844 | D:5      | Entered Level 5 of the Dungeon
  3882 | D:5      | Noticed a sky beast
  3898 | D:5      | Killed a sky beast
  4254 | D:5      | Found a glowing golden altar of the Shining One.
  4261 | D:5      | Reached skill level 5 in Axes
  4423 | D:5      | Reached XP level 7. HP: 62/62 MP: 6/6
  5332 | D:6      | Noticed Descartes's ghost (novice DEWz)
  5335 | D:6      | Identified the +6 great mace "Naaddela" {holy, Str-2 Int+3
                  | Dex+5}
  5335 | D:6      | Noticed a two-headed ogre
  5352 | D:6      | Reached XP level 8. HP: 39/71 MP: 7/7
  5545 | D:6      | Found a transporter.
  5732 | D:6      | Found an iron altar of Okawaru.
  5732 | D:6      | Found a blossoming altar of Fedhas.
  6287 | D:7      | Identified the +8 trident of Equivalence {distort, +Rage
                  | Str+3 Int-4}
  6289 | D:7      | Noticed Paulthewizard's ghost (novice DECj)
  6297 | D:7      | Noticed a toenail golem
  6298 | D:7      | Found a transporter.
  6305 | D:7      | Found a transporter.
  6321 | D:7      | Found a runed translucent door.
  7235 | D:7      | Found a staircase to the Ecumenical Temple.
  7246 | Temple   | Entered the Ecumenical Temple
  7363 | Temple   | Became a worshipper of Hepliaklqana the Forgotten
  7466 | D:7      | HP: 1/66 [orc/+0 club (4)]
  7479 | D:7      | Slain by an orc warrior

Illustrated notes

Levels and vault maps discovered:
D:1:      mrwooster_arrival_statue_2, layout_loops_ring,
          minmay_misc_feat_encased, minmay_misc_feat_alley
D:2:      layout_loops_ring, grunt_dithmenos_smoke_and_mirrors,
          minmay_liquid_box
D:3:      layout_rooms, nicolae_overflow_crystal_walls
D:4:      layout_loops_corners, evilmike_ruin_ashenzari, minivault_26,
          kennysheep_decorative_pillar, minmay_cut_off
D:5:      layout_loops_ring, nicolae_tso_besieged_by_evil, serial_shops,
          kennysheep_mini
D:6:      layout_cave_pools, gammafunk_temple_overflow_statue,
          gammafunk_ghost_smash, minmay_lizard_king
D:7:      layout_basic, nzn_makhleb_speed_demon, minmay_temple_entry_trees,
          gammafunk_ghost_abyssal_escape
Temple:   hc_temple_tempest_star

Skill      XL: |  1  2  3  4  5  6  7  8 |
---------------+-------------------------+-----
Fighting       | 4 5 6 7 |  7.9
Armour         | 4 5 6 7 |  7.9
Shields        | 4 5 6 7 |  7.8
Axes           | 3 4 5 6 7 |  7.4

Action                   |  1- 3 |  4- 6 |  7- 9 || total
-------------------------+-------+-------+-------++-------
Melee: War axe           |   107 |   132 |   188 ||   427
       Headbutt          |    10 |    12 |    35 ||    57
  Use: Potion            |       |       |     4 ||     4
Armor: Scale mail        |    52 |    49 |    66 ||   167
       Skin              |       |       |     3 ||     3
Dodge: Dodged            |    45 |    47 |    87 ||   179
Block: Kite shield       |    65 |    78 |   145 ||   288
